 Dungeon Crawl Stone Soup version 0.27-a0-1579-g97d2440184 (webtiles) character file.

Game seed: 7410987988127668943

53 Sobieck the Insei (level 3, -1/24 HPs)
             Began as an Octopode Transmuter on July 17, 2021.
             Killed by divine providence
             ... invoked by an orc priest
              (10 damage)
             ... on level 3 of the Dungeon.
             The game lasted 00:03:29 (1525 turns).

Sobieck the Insei (Octopode Transmuter)             Turns: 1525, Time: 00:03:30

Health: -1/24      AC:  1    Str:  9    XL:     3   Next: 87%
Magic:  6/6        EV: 13    Int: 22    God:
Gold:   29         SH:  0    Dex: 12    Spells: 5/6 levels left

rFire    + . .     SeeInvis .     - Unarmed
rCold    . . .     Faith    .   (no shield)
rNeg     . . .     Spirit   .   (helmet currently unavailable)
rPois    .         Reflect  .   (no amulet)
rElec    .         Harm     .   e - ring of protection from fire
rCorr    .         Rampage  .   g - +6 ring of intelligence
Will     .....                  (no ring)
Stlth    ++........             (no ring)
HPRegen  0.08/turn              (no ring)
MPRegen  0.10/turn              (no ring)
                                (no ring)
                                (no ring)

@: appendages (expiring)
A: tentacle spike 3, almost no armour, amphibious, 8 rings, camouflage 1,
gelatinous body 1, (nimble swimmer 1), tentacles
a: End Transformation


You were on level 3 of the Dungeon.
One of your tentacles had grown a beastly spike.
You visited 1 branch of the dungeon, and saw 3 of its levels.

You collected 29 gold pieces.


Innate Abilities, Weirdness & Mutations

One of your tentacles has grown a beastly spike.
You cannot wear most types of armour.
You are amphibious.
You can wear up to eight rings at the same time.
Your skin changes colour to match your surroundings (Stealth+).
Your rubbery body absorbs attacks. (AC +1, EV +1)
((You are camouflaged near water. (Stealth+)))
You have tentacles for arms and can constrict up to eight enemies at once.


   Skills:
 + Level 2.2 Fighting
 - Level 2.0 Dodging
 + Level 3.5 Unarmed Combat
 - Level 2.0 Spellcasting
 + Level 2.8 Transmutations


You had 5 spell levels left.
You knew the following spells:

 Your Spells              Type           Power      Damage    Failure   Level
a - Beastly Appendage     Tmut           28%        N/A       4%          1

Your spell library contained the following spells:

 Spells                   Type           Power      Damage    Failure   Level
 Wereblood                Tmut           14%        N/A       6%          2
 Summon Small Mammal      Summ           8%         N/A       14%         1
 Spider Form              Tmut/Pois      4%         N/A       22%         3
 Call Canine Familiar     Summ           2%         N/A       38%         3
 Summon Guardian Golem    Hex/Summ       2%         N/A       38%         3
 Ice Form                 Ice/Tmut       8%         N/A       58%         4

Inventory:

Missiles
 a - 73 stones {throwing}
 b - 21 sling bullets
 f - 14 arrows
Jewellery
 e - a ring of protection from fire (left tentacle)
   (You found it on level 1 of the Dungeon)
 g - a +6 ring of intelligence (right tentacle)
   (You found it on level 1 of the Dungeon)
Scrolls
 c - a scroll of noise {unknown}
Potions
 d - a potion of lignification {unknown}

Dungeon Overview and Level Annotations

Branches:
Dungeon (3/15)

Altars:

Shops:
D:1 (

Portals:
Sewer: D:3

Annotations:
D:2 exclusion: downstairs
D:3 Grinder

............... ##.
...............
.....###...........
..[.# #......##....
.....##.#..### .###
........#..####.#
#######.........#
#≈≈≈≈B#o.<..#
#≈≈∩≈BB@....#
#≈≈≈≈≈#B......#
#######.......#
.............##
............##
............#
.....>......#
............#


You could see an orc priest and 4 giant cockroaches.


Message History

The ball python bites you but does no damage.
The ball python misses you.
You tentacle-slap the ball python.
You kill the ball python!
No target in view!
You see here a ball python corpse.
You now have 29 gold pieces (gained 5).
You see here a +0 dagger {short}.
There is a shaft here.
Done exploring.
Done exploring.
(D) Dungeon
Where to? (Enter - D:2, ? - help)
There is a stone staircase leading down here.
You climb downwards.
Level annotation: exclusion: downstairs
There is a stone staircase leading up here.
a - 73 stones {throwing} (gained 15)
Found a stone staircase leading down.
There is a stone staircase leading down here.
A goblin comes into view. It is wielding a +0 club.
The goblin shouts!
You closely miss the goblin. Your grab misses the goblin.
The goblin closely misses you.
You tentacle-slap the goblin. Your grab misses the goblin.
The goblin barely misses you.
You tentacle-slap the goblin but do no damage.
You grab the goblin. You constrict the goblin.
The goblin hits you but does no damage.
You tentacle-slap the goblin.
You kill the goblin!
No target in view!
(D) Dungeon
Where to? (Enter - D:2, ? - help)
There is a stone staircase leading down here.
You climb downwards.
You hear the sound of rushing water.
There is an entrance to a sewer on this level.
Hurry and find it before the portal rusts away!
Level annotation: Grinder You hear the quick rusting of a drain.
The adder hisses angrily. x2
Found a robe.
Found a glowing drain.
Found a stone staircase leading down.
There is a stone staircase leading up here.
Sorry, you're not good enough to have a special ability.
Unknown command.
Casting: Beastly Appendage (safe; 4% risk of failure)
Confirm with . or Enter, or press ? or * to list all spells.
Okay, then.
Unknown command.
One of your tentacles grows a vicious spike. 😎 MP[-1]
You lost 1 mp, and now have 5/6 mp.
You open the door. The adder misses you.
The orc priest looks braver for a moment.
You tentacle-slap the adder. You grab the adder.
You pierce the adder.
You constrict the adder. The adder misses you.
The orc priest miscasts a cantrip.
You barely miss the adder.
You pierce the adder.
You constrict the adder.
You kill the adder!
The adder bites you. 😕 HP[-3]
You take 3 damage, and now have 21/24 hp.
You tentacle-slap the adder but do no damage.
Your grab misses the adder.
You pierce the adder.
The adder barely misses you.
You closely miss the adder. You grab the adder.
Your tentacle spike misses the adder.
You constrict the adder. The adder bites you.
The adder completely misses you. 😮 HP[-3]
You take 3 damage, and now have 18/24 hp.
You tentacle-slap the adder but do no damage.
You constrict the adder, but do no damage.
The adder bites you. 😮 HP[-1]
You take 1 damage, and now have 17/24 hp.
You tentacle-slap the adder. You constrict the adder.
The adder bites you. 😮 HP[-4]
You take 4 damage, and now have 13/24 hp.
You barely miss the adder. You constrict the adder.
You kill the adder! 😮 MP[+1]
Your mp is fully restored (6).
You closely miss the orc priest. Your grab misses the orc priest.
You squeeze the orc priest.
Your transformation is almost over.
The orc priest misses you.
You tentacle-slap the orc priest. Your grab misses the orc priest.
You pierce the orc priest, but do no damage.
The orc priest hits you with a +0 short sword.
* * * LOW HITPOINT WARNING * * *
The giant cockroach bites you.
* * * LOW HITPOINT WARNING * * *
😨 HP[-4]
You take 4 damage, and now have 9/24 hp.
You closely miss the orc priest. Your grab misses the orc priest.
You squeeze the orc priest.
The giant cockroach bites you but does no damage.
The giant cockroach closely misses you.
The orc priest invokes the aid of Beogh against you.
Beogh smites you!
You die...

Skill      XL: |  1  2  3 |
---------------+----------+-----
Fighting       | 2 |  2.2
Dodging        | |  2.0
Unarmed Combat | |  3.5
Spellcasting   | |  2.0
Transmutations | |  2.8

Action                   || total
-------------------------++-------
Melee: Unarmed           ||    70
       Constrict         ||    20
       Tentacles         ||    12
       Kick              ||     9
 Cast: Beastly Appendage ||     6
 Stab: Sleeping          ||     4
Armor: Skin              ||     7
Dodge: Dodged            ||    43

Levels and vault maps discovered:
D:1:      dpeg_arrival_water_temple_mockup, layout_loops_ring, serial_shops,
          nicolae_shop_stone, grunt_decor_resistance
D:2:      layout_loops_corners, dreamdust_ecumenical_altar_sealed_demon,
          minmay_misc_feat_square, uniq_sigmund, uniq_natasha
D:3:      layout_rooms, lemuel_crystal_altar, cheibrodos_worm_habitat,
          serial_shops, nicolae_square_shop, gup_sewer_entry_glass, uniq_robin,
          uniq_grinder, uniq_terence, uniq_ijyb

Notes
Turn   | Place    | Note
-------+----------+-------------------------------------------
     0 | D:1      | Sobieck the Octopode Transmuter began the quest for the
                  | Orb.
     0 | D:1      | Reached XP level 1. HP: 13/13 MP: 3/3
     0 | D:1      | magus.rc [v1.9.6]
   260 | D:1      | Reached XP level 2. HP: 17/18 MP: 3/5
   309 | D:1      | Found Hyrryhu's Weapon Shop.
   807 | D:1      | You pick up a book of Callings and begin reading...
   807 | D:1      | You add the spells Summon Small Mammal, Call Canine
                  | Familiar and Summon Guardian Golem to your library.
   924 | D:2      | Reached XP level 3. HP: 23/24 MP: 4/6
   945 | D:3      | Noticed Grinder
  1218 | D:1      | Reached skill level 2 in Fighting
  1511 | D:3      | Found a glowing drain.
  1525 | D:3      | Killed from afar by an orc priest

Vanquished Creatures
  2 adders (D:3)
  A dart slug (D:1)
  2 orcs (D:2)
  4 ball pythons
  A bat (D:1)
  2 endoplasms (D:1)
  2 giant cockroaches (D:1)
  4 goblins
  4 hobgoblins
  3 kobolds
  2 quokkas (D:1)
  A frilled lizard (D:1)
28 creatures vanquished.

Table legend:
 A = Non-vault XP
 B = Vault XP
 C = Vault XP percentage of total XP
 D = Non-vault monster count
 E = Vault monster count
 F = Vault count percentage of total count
                 A         B        C        D         E       F
            +---------+---------+-------+---------+---------+-------
      Total |      50 |      26 |  34.2 |      26 |       2 |   7.1
            +---------+---------+-------+---------+---------+-------
        D:1 |      34 |       0 |   0.0 |      19 |       0 |   0.0
        D:2 |      14 |       0 |   0.0 |       6 |       0 |   0.0
        D:3 |       2 |      26 |  92.9 |       1 |       2 |  66.7
            +---------+---------+-------+---------+---------+-------

Illustrated notes

Table legend:
 A = Kills in this place as a percentage of kills in entire the game.
 B = Kills by you in this place as a percentage of kills by you in the entire game.
 C = Kills by friends in this place as a percentage of kills by friends in the entire game.
 D = Other kills in this place as a percentage of other kills in the entire game.
 E = Experience gained in this place as a percentage of experience gained in the entire game.
 F = Experience gained in this place divided by the number of levels of this place that you have seen.
                   A       B       C       D       E      F
               +-------+-------+-------+-------+-------+----------------------
         Total | 100.0 | 100.0 |   N/A |   N/A | 100.0 |  25.3
       Dungeon | 100.0 | 100.0 |   N/A |   N/A | 100.0 |  25.3
               +-------+-------+-------+-------+-------+----------------------

Table legend: (Time is in decaauts)
 A = Elapsed time spent in this place.
 B = Non-inter-level travel time spent in this place.
 C = Inter-level travel time spent in this place.
 D = Time resting spent in this place.
 E = Time spent auto-exploring this place.
 F = Levels seen in this place.
 G = Mean time per level.
                   A        B        C        D        E       F      G
               +--------+--------+--------+--------+--------+-----+--------+
         Total |   1524 |   1423 |    101 |    457 |    776 |   3 |  508.0 |
       Dungeon |   1524 |   1423 |    101 |    457 |    776 |   3 |  508.0 |
               +--------+--------+--------+--------+--------+-----+--------+

Top non-repeatable levels by time:
     D:1: 1322 daAuts
     D:2: 182 daAuts
     D:3: 19 daAuts
